 Dungeon Crawl Stone Soup version 0.17-a0-622-g12d63cc (webtiles) character file.

13587 Pikaro the Gelid (level 12, -5/80 HPs)
             Began as an Octopode Ice Elementalist on Apr 15, 2015.
             Was an Elder of Vehumet.
             Slain by a blink frog (19 damage)
             ... on level 1 of the Lair of Beasts on Apr 16, 2015.
             The game lasted 00:58:08 (22211 turns).

Pikaro the Gelid (Octopode Ice Elementalist)       Turns: 22211, Time: 00:58:09

Health: -5/80      AC: 13    Str: 10    XL:     12   Next: 7%
Magic:  15/21      EV: 19    Int: 24    God:    Vehumet [****..]
Gold:   752        SH:  8    Dex: 13    Spells: 7 memorised, 3 levels left

rFire  . . .     SeeInvis .     s - +2 mace (protect)
rCold  + + .     Clarity  +     (no shield)
rNeg   . . .     SustAb   .     (helmet restricted)
rPois  .         Gourm    .     v - amulet of clarity {Clar}
rElec  .         Spirit   .     r - +3 ring of intelligence
rCorr  .         Warding  .     z - ring of stealth {Stlth+}
rMut   .         Stasis   .     C - +4 ring of evasion
MR     +....                    G - ring of protection from cold {rC+}
Stlth  ++++......               u - ring of protection from magic {MR+}
                                (no ring)
                                (no ring)
                                (no ring)

@: icy armour, icy shield, somewhat resistant to hostile enchantments, stealthy
A: almost no armour, amphibious, 8 rings, constrict 8, tentacle spike 1,
camouflage 1, cold resistance 1, screaming 1, strong 1, gelatinous body 1,
placid magic 1, MP-powered wands
a: Renounce Religion


You were on level 1 of the Lair of Beasts.
You worshipped Vehumet.
Vehumet was greatly pleased with you.
You were not hungry.

You visited 3 branches of the dungeon, and saw 13 of its levels.

You collected 752 gold pieces.

Inventory:

Hand weapons
 s - a +2 mace of protection (weapon)
   (You took it off an orc on level 8 of the Dungeon)
 w - the +8 long sword "Vatodwyth" {elec, Str+6 SInv}
   (You found it on level 4 of the Dungeon)

   Occasionally, upon striking a foe, it will discharge some electrical energy
   and cause terrible harm.
   It affects your strength (+6).
   It enhances your eyesight.
 y - the +7 long sword "Qewka" {flame, MP+9}
   (You found it on level 4 of the Dungeon)

   It has been specially enchanted to burn those struck by it, causing extra
   injury to most foes and up to half again as much damage against particularly
   susceptible opponents.
   Big, fiery blades are also staple armaments of hydra-hunters.
   It affects your magic capacity (+9).
 J - a +0 blowgun
   (You took it off a kobold on level 9 of the Dungeon)
Missiles
 D - 49 poisoned needles
Magical staves
 h - a cursed staff of energy {+MP, hungerless spells, !d!a}
   (You found it on level 6 of the Dungeon)
Jewellery
 r - a +3 ring of intelligence (left tentacle)
   (You took it off a kobold on level 3 of the Dungeon)
 u - a ring of protection from magic (on tentacle) {MR+}
   (You found it on level 10 of the Dungeon)
 v - an amulet of clarity (around mantle) {Clar}
   (You found it on level 7 of the Dungeon)
 z - a ring of stealth (right tentacle) {Stlth+}
   (You found it on level 5 of the Dungeon)
 C - a +4 ring of evasion (on tentacle)
   (You found it on level 6 of the Dungeon)
 G - a ring of protection from cold (on tentacle) {rC+}
   (You found it on level 9 of the Dungeon)
Magical devices
 x - a wand of lightning (8)
   (You found it on level 8 of the Dungeon)
 E - a wand of magic darts (48)
   (You found it on level 7 of the Dungeon)
 F - a wand of confusion (24)
   (You took it off an orc on level 8 of the Dungeon)
 I - a wand of flame (11)
   (You found it on level 2 of the Lair of Beasts)
Scrolls
 f - 4 scrolls of remove curse
 g - 2 scrolls of immolation {!r}
 m - 4 scrolls of fog
 q - 2 scrolls of amnesia
 t - a scroll of recharging
 A - a scroll of enchant weapon
 B - 2 scrolls of magic mapping {!r}
Potions
 e - 2 potions of might
 l - 3 potions of restore abilities
Books
 b - a book of Frost
 k - a Grand Grimoire {highlevel, unknown}
   (You found it on level 3 of the Dungeon)
 H - a book of the Tempests
   (You found it on level 9 of the Dungeon)
 K - a book of Dreams
   (You found it on level 9 of the Dungeon)
Comestibles
 a - 6 fruits
 c - 6 bread rations
 d - 10 beef jerkies
 i - a royal jelly
 j - 9 meat rations
 p - 2 chunks of flesh
 L - 2 slices of pizza


   Skills:
 + Level 6.4 Fighting
 + Level 6.7 Dodging
 - Level 2.6 Stealth
 + Level 6.3 Spellcasting
 - Level 1.0 Conjurations
 - Level 15.0 Ice Magic


You had 3 spell levels left.
You knew the following spells:

 Your Spells              Type           Power        Failure   Level  Hunger
a - Freeze                Ice            ####         0%          1    None
A - Throw Frost           Conj/Ice       ####..       1%          2    None
B - Ozocubu's Armour      Chrm/Ice       ####....     1%          3    None
C - Condensation Shield   Ice            ######....   1%          4    ###....
D - Ensorcelled Hibernat  Hex/Ice        ####..       1%          2    None
E - Throw Icicle          Conj/Ice       ####....     1%          4    ###....
F - Summon Ice Beast      Ice/Summ       ####....     1%          4    ###....


Dungeon Overview and Level Annotations

Branches:
Dungeon (10/15)            Temple (1/1) D:5            Lair (2/8) D:8
    Orc: D:9-12

Altars:
Ashenzari
Cheibriados
Dithmenos
Elyvilon
Fedhas
Kikubaaqudgha
Makhleb
Nemelex Xobeh
Okawaru
Qazlal
Ru
Sif Muna
Trog
Vehumet
Xom
Yredelemnul
Zin
The Shining One

Shops:
D:6 %   D:7 %:%   D:9 ([

Annotations:
D:6 exclusion: 2 doors
D:7 Menkaure
D:8 Erolcha


Innate Abilities, Weirdness & Mutations

You cannot wear most types of armour.
You are amphibious.
You can wear up to eight rings at the same time.
You can use your tentacles to constrict eight enemies at once.
Your skin changes colour to match your surroundings (Stealth).
Your rubbery body absorbs attacks (AC +1).
One of your tentacles bears a spike.
Your flesh is cold resistant.
You occasionally shout uncontrollably at your foes.
Your muscles are strong. (Str +2)
Your spells are a little easier to cast, but a little less powerful.
You expend magic power (3 MP) to strengthen your wands.


Message History

Aim: a four-headed hydra (chance 24%)
The four-headed hydra resists with almost no effort.
The water moccasin closely misses you.
A yak comes into view.
You now have 13/21 mp.
Aim: a four-headed hydra (chance 24%)
The four-headed hydra looks drowsy...
The water moccasin misses you. The water moccasin misses you.
You now have 12/21 mp.
Drink which item? (? for menu, Esc to quit)
You feel better. The water moccasin misses you.
You regained 5 hp, and now have 19/79 hp.
Drink which item? (? for menu, Esc to quit)
You feel better.
The blink frog blinks!
The water moccasin misses you.
The blink frog blinks!
The blink frog hits you but does no damage.
You regained 8 hp, and now have 27/79 hp.
A crackling disc of dense vapour forms in the air!
Your icy armour evaporates.
The water moccasin closely misses you. The blink frog hits you!
* * * LOW HITPOINT WARNING * * *
The water moccasin bites you but does no damage.
You take 16 damage, and have 11/79 hp.
MASSIVE DAMAGE!!
You now have 8/21 mp.
HP at 13%!
A film of ice covers your body!
The blink frog blinks!
The blink frog completely misses you.
The water moccasin bites you but does no damage.
You now have 5/21 mp.
Aim: a blink frog (lightly wounded, chance 32%)
The blink frog appears confused.
Evoking this partially-identified wand wasted a few charges.
The water moccasin bites you.
* * * LOW HITPOINT WARNING * * *
The blink frog closely misses you. You block the water moccasin's attack.
You take 1 damage, and have 10/79 hp.
You now have 2/21 mp.
Aim: a water moccasin (moderately wounded)
You freeze the water moccasin.
The water moccasin seems to slow down.
The blink frog blinks!
You block the water moccasin's attack.
Aim: a water moccasin (heavily wounded, slow)
You freeze the water moccasin.
The blink frog momentarily phases out as the blink frog's attack passes through it.
The blink frog blinks!
The blink frog barely misses you.
The blink frog blinks!
The water moccasin misses you.
A yak comes into view.
You now have 1/21 mp.
Aim: a water moccasin (heavily wounded, slow)
You freeze the water moccasin.
The yak bellows!
The water moccasin barely misses you. The blink frog misses you.
You now have 0/21 mp.
You don't have enough magic to cast that spell.
You barely miss the water moccasin.
The four-headed hydra roars!
Your grab misses the water moccasin.
The water moccasin is no longer moving slowly.
The water moccasin closely misses you.
A yak comes into view.
Drink which item? (? for menu, Esc to quit)
Magic courses through your body.
The blink frog hits the yak!
The water moccasin barely misses you.
The blink frog hits the yak!
You regained 17 mp, and now have 17/21 mp.
Aim: a water moccasin (almost dead)
You freeze the water moccasin.
The blink frog blinks!
The water moccasin closely misses you.
The blink frog blinks!
You block the water moccasin's attack. The blink frog closely misses you.
Aim: a water moccasin (almost dead)
You freeze the water moccasin.
The water moccasin seems to slow down.
The water moccasin barely misses you.
You now have 16/21 mp.
Aim: a water moccasin (almost dead, slow)
You freeze the water moccasin.
You kill the water moccasin!
The blink frog closely misses you.
You now have 15/21 mp.
Aim: a blink frog (severely wounded)
You freeze the blink frog.
The blink frog seems to slow down.
The blink frog hits the yak!
The blink frog completely misses you.
You now have 14/21 mp.
Aim: a blink frog (almost dead, slow)
You freeze the blink frog.
You kill the blink frog!
You feel your power returning.
The blink frog hits the yak.
You regained 2 mp, and now have 16/21 mp.
Aim: a blink frog You freeze the blink frog.
The blink frog seems to slow down.
You block the blink frog's attack. The blink frog barely misses you.
Aim: a blink frog (moderately wounded, slow)
You freeze the blink frog.
The blink frog seems to slow down.
You block the blink frog's attack.
The blink frog hits the yak.
The yak is killed!
You feel your power returning.
Aim: a blink frog (moderately wounded, slow)
You freeze the blink frog.
The blink frog seems to slow down.
You block the blink frog's attack. The blink frog barely misses you.
You now have 16/21 mp.
Aim: a blink frog (moderately wounded, slow)
You freeze the blink frog.
The blink frog seems to slow down.
The blink frog hits you!!
You die...

..##..###P. ##.###.## # #.#
#..# #.# ##.### #.# #.#.## .
# #.####.§... ###
#..###.P##......
####.######..##......#.#≈.
+....YYDF@F......#.#P#..≈≈
....#########P.P.#..#####..≈≈
+# ##.####.# .[≈≈ ##.# #..#
#..≈ #P.# ##.# #... #...# #.#
#... #.#'..##.# ###+.#
........#.####....#
........'...P#....+


You could see a four-headed hydra, 2 yaks and 2 blink frogs.

Vanquished Creatures
  Harold (Lair:1)
  The ghost of Pikaro the Markscentaur, an experienced CeHu of Okawaru (D:9)
  A cyclops (D:10)
  A black mamba (Lair:2)
  3 spiny frogs (Lair:2)
  A troll (D:10)
  Prince Ribbit (D:9)
  9 blink frogs
  7 yaks
  4 hippogriffs
  A basilisk (Lair:2)
  2 hungry ghosts (D:10)
  The ghost of Pikaro the Chiller, an average OpIE (D:3)
  A mottled dragon (D:9)
  A sky beast (D:6)
  2 orc warriors
  5 porcupines
  3 black bears
  5 water moccasins
  3 ice beasts
  A phantom (D:5)
  3 ogres
  5 centaurs
  4 crocodiles
  7 giant frogs
  A big kobold (D:9)
  A gnoll sergeant (D:7)
  3 scorpions
  2 water moccasin skeletons
  4 killer bees (D:7)
  5 electric eels (D:6)
  3 crimson imps
  2 jellies
  6 hounds
  2 centaur zombies
  A giant frog zombie (D:9)
  A giant frog skeleton (D:10)
  9 iguanas
  7 orc priests
  15 orc wizards
  7 hell rats
  7 worker ants
  A mummy (D:9)
  6 gnolls
  24 river rats
  A shadow imp (D:8)
  10 adders
  2 oozes
  4 worms
  4 giant geckos
  47 orcs
  4 ball pythons
  17 goblins
  12 hobgoblins
  4 quokkas
  13 bats
  7 giant cockroaches
  5 giant newts
  7 jackals
  27 kobolds
  2 quokka skeletons
  19 rats
  A plant (D:10)
366 creatures vanquished.

Vanquished Creatures (others)
  4 fungi
4 creatures vanquished.

Grand Total: 370 creatures vanquished

Notes
Turn   | Place    | Note
--------------------------------------------------------------
     0 | D:1      | Pikaro, the Octopode Ice Elementalist, began the quest for the Orb.
     0 | D:1      | Reached XP level 1. HP: 11/11 MP: 3/3
   406 | D:1      | Reached XP level 2. HP: 13/17 MP: 3/5
  1110 | D:1      | Reached skill level 4 in Ice Magic
  1222 | D:1      | Reached XP level 3. HP: 18/21 MP: 4/6
  1863 | D:2      | Found a shimmering altar of Xom.
  2513 | D:2      | Reached XP level 4. HP: 27/27 MP: 4/7
  2712 | D:2      | Found a bloodstained altar of Trog.
  2714 | D:2      | Found a sparkling altar of Nemelex Xobeh.
  2777 | D:2      | Learned a level 2 spell: Throw Frost
  2781 | D:2      | Learned a level 3 spell: Ozocubu's Armour
  2908 | D:3      | Reached skill level 5 in Ice Magic
  3298 | D:3      | Reached XP level 5. HP: 24/31 MP: 5/8
  3824 | D:3      | Reached skill level 6 in Ice Magic
  4084 | D:3      | Reached XP level 6. HP: 36/36 MP: 7/9
  4332 | D:3      | Noticed Pikaro's ghost (average OpIE)
  4351 | D:3      | Killed Pikaro's ghost
  4351 | D:3      | Reached skill level 7 in Ice Magic
  5032 | D:4      | Reached XP level 7. HP: 37/41 MP: 5/10
  5329 | D:4      | Got an iridescent long sword
  5330 | D:4      | Identified the +8 long sword "Vatodwyth" {elec, Str+6 SInv} (You found it on level 4 of the Dungeon)
  5541 | D:4      | Found an iron altar of Okawaru.
  5586 | D:4      | Reached skill level 8 in Ice Magic
  6011 | D:4      | Got an ichor-stained long sword
  6012 | D:4      | Identified the +7 long sword "Qewka" {flame, MP+9} (You found it on level 4 of the Dungeon)
  6246 | D:5      | Entered Level 5 of the Dungeon
  6571 | D:5      | Reached skill level 9 in Ice Magic
  6644 | D:5      | Found a stormy altar of Qazlal.
  6661 | D:5      | Reached XP level 8. HP: 15/46 MP: 5/11
  6936 | D:5      | Found a glowing golden altar of the Shining One.
  7319 | D:5      | Found a staircase to the Ecumenical Temple.
  7326 | Temple   | Entered the Ecumenical Temple
  7716 | Temple   | Became a worshipper of Vehumet
  7805 | D:5      | Reached skill level 10 in Ice Magic
  8515 | D:6      | Found a white marble altar of Elyvilon.
  8672 | D:6      | Found Neryo's Food Shop.
  8694 | D:6      | Reached skill level 11 in Ice Magic
  9082 | D:6      | ontamu: hey man, how do you get that extra text in the chat, showing your HM and mP and the Massive hit warning and all that?
  9083 | D:6      | Pikaro: most of it's from HDA's rcfiles, https://github.com/HilariousDeathArtist/DCSSConfigFile
  9318 | D:6      | ontamu: ty
  9418 | D:6      | Reached XP level 9. HP: 15/51 MP: 8/12
  9632 | D:6      | Learned a level 4 spell: Condensation Shield
  9632 | D:6      | Pikaro: np
  9718 | D:6      | Gained mutation: You occasionally shout uncontrollably at your foes. [mutagenic meat]
  9719 | D:6      | Gained mutation: Your spells are a little easier to cast, but a little less powerful. [mutagenic meat]
  9720 | D:6      | Gained mutation: One of your tentacles bears a spike. [mutagenic meat]
  9721 | D:6      | Gained mutation: Your muscles are strong. (Str +2) [mutagenic meat]
  9722 | D:6      | Gained mutation: You expend magic power (3 MP) to strengthen your wands. [mutagenic meat]
 10194 | D:7      | Acquired Vehumet's first power
 10194 | D:7      | Offered knowledge of Magic Dart by Vehumet.
 10224 | D:7      | Noticed Menkaure
 10234 | D:7      | Reached skill level 12 in Ice Magic
 10249 | D:7      | HP: 9/51 [orc priest/divine providence (13)]
 10250 | D:7      | HP: 1/51 [orc priest/nerve-wracking pain (8)]
 10319 | D:7      | ontamu: can I ask you something about Ru? At *****. piety you get the final ability. Is there any point to do anther sacrifice to get it up to max piety?
 10320 | D:7      | Pikaro: no idea, never really played with ru
 10320 | D:7      | ontamu: oh really :D
 10726 | D:7      | Gained mutation: Scrolls take you a little longer to read. [potion of mutation]
 10726 | D:7      | Gained mutation: Your flesh is cold resistant. [potion of mutation]
 10727 | D:7      | Lost mutation: Scrolls take you a little longer to read. [potion of mutation]
 10732 | D:7      | Found Niwn's Book Shop.
 10740 | D:7      | ontamu: I know i have seen you on the leaderboards and though you would know :D
 10813 | D:7      | Found Yptizase's Food Shop.
 11190 | D:7      | Pikaro: nah it's a completely different playstyle, I think it takes a lot of getting used to strategic sacrifices
 11215 | D:7      | Found Ewnuemam's Food Shop.
 11506 | D:7      | Pikaro: plus I don't think I'm on any leaderboards as a proficient player, I mostly do easy five-rune games and die a lot
 11679 | D:7      | ontamu: I see :) also I actually decided to really read what his abilities are and there are some that scale with piety
 12238 | D:7      | ontamu: my first victory i found very nice items managed to get 7 runes, now I am always shooting higher and failing :D
 12238 | D:7      | Pikaro: yeah extended can be really hard
 12238 | D:7      | Pikaro: but it's not so interesting anyway
 12248 | D:7      | Reached skill level 13 in Ice Magic
 12264 | D:7      | HP: 12/51 [poisoned by a killer bee]
 12272 | D:7      | HP: 12/51 [poisoned by a killer bee]
 12656 | D:7      | ontamu: well for me it is, i havent seen what all of the game
 12669 | D:7      | ontamu: I want to see the hells at least once :D
 12938 | D:7      | Pikaro: hells are alright, it's just pan that's tedious until you get all the runes
 13218 | D:8      | ontamu: lol really.. on that 7 rune i had, I actually cleared pan ... was too afraid to enter slime pits or the hells :D
 13219 | D:8      | ontamu: but i got all the runes from pan :D
 13219 | D:8      | Pikaro: huh? slime is easy, it's usually my fourth
 13219 | D:8      | Pikaro: just gotta have a plan for the royal jelly
 13408 | D:8      | Reached XP level 10. HP: 51/56 MP: 6/13
 13533 | D:8      | Offered knowledge of Searing Ray by Vehumet.
 13557 | D:8      | Found a staircase to the Lair.
 13624 | D:8      | ontamu: well it was really first time I have played the game
 13660 | D:8      | ontamu: i didnt know
 13693 | D:8      | ontamu: now i have killed the jelly once
 13984 | D:8      | Reached skill level 14 in Ice Magic
 14552 | D:8      | Noticed Erolcha
 14555 | D:8      | HP: 13/56 [porcupine (6)]
 14570 | D:8      | HP: 12/56 [porcupine (3)]
 14579 | D:8      | HP: 10/56 [porcupine (4)]
 14580 | D:8      | HP: 4/56 [porcupine (6)]
 14635 | D:7      | ontamu: i 1 shotted it with a stabber ... was a bit surprised when the room got filled with other jellies but i managed
 14898 | D:7      | Pikaro: heh yeah that happens even when you polymorph him... that got me by surprise last time as well
 14909 | D:9      | Found Dorr's Antique Weapon Shoppe.
 15158 | D:9      | Noticed Prince Ribbit
 15180 | D:9      | Killed Prince Ribbit
 15830 | D:9      | Found Giareuwk's Antique Armour Boutique.
 16191 | D:9      | Noticed Pikaro's ghost (experienced CeHu)
 16213 | D:9      | Killed Pikaro's ghost
 16213 | D:9      | Reached skill level 15 in Ice Magic
 16424 | D:9      | Pikaro: alright gotta go, see you around!
 16456 | D:10     | Entered Level 10 of the Dungeon
 16517 | D:9      | Offered knowledge of Throw Flame by Vehumet.
 16618 | D:10     | Reached skill level 1 in Fighting
 16977 | D:10     | Noticed a cyclops
 17006 | D:10     | HP: 10/59 [cyclops (28)]
 17007 | D:10     | HP: 4/59 [cyclops (6)]
 17008 | D:10     | Killed a cyclops
 17008 | D:10     | Reached skill level 2 in Fighting
 17008 | D:10     | Reached skill level 3 in Dodging
 17008 | D:10     | Reached skill level 3 in Spellcasting
 17393 | D:10     | Reached XP level 11. HP: 36/66 MP: 12/16
 17605 | D:10     | Reached skill level 3 in Fighting
 17716 | D:10     | Reached skill level 4 in Dodging
 18174 | Lair:1   | Entered Level 1 of the Lair of Beasts
 18304 | D:8      | Reached skill level 4 in Spellcasting
 18573 | Lair:1   | Noticed a four-headed hydra
 18605 | Lair:2   | Acquired Vehumet's second power
 18616 | Lair:2   | HP: 17/68 [poisoned by a water moccasin]
 18622 | Lair:2   | HP: 17/68 [poisoned by a water moccasin]
 18630 | Lair:2   | HP: 16/68 [poisoned by a water moccasin]
 18941 | Lair:2   | Reached skill level 4 in Fighting
 19261 | Lair:2   | Reached skill level 5 in Dodging
 20044 | Lair:2   | Offered knowledge of Iskenderun's Mystic Blast by Vehumet.
 20054 | Lair:2   | Reached skill level 5 in Spellcasting
 20065 | Lair:2   | Learned a level 2 spell: Ensorcelled Hibernation
 20070 | Lair:2   | Learned a level 4 spell: Throw Icicle
 20075 | Lair:2   | Learned a level 4 spell: Summon Ice Beast
 20301 | Lair:2   | Reached skill level 5 in Fighting
 20805 | Lair:2   | Acquired Vehumet's third power
 20882 | Lair:2   | Offered knowledge of Conjure Flame by Vehumet.
 20888 | Lair:2   | HP: 18/72 [yak (15)]
 20900 | Lair:2   | Reached skill level 6 in Dodging
 21793 | Lair:1   | Noticed Harold
 21796 | Lair:1   | Reached skill level 6 in Fighting
 21810 | Lair:1   | Killed Harold
 21810 | Lair:1   | Reached skill level 6 in Spellcasting
 21810 | Lair:1   | Reached XP level 12. HP: 36/79 MP: 7/21
 22172 | Lair:1   | HP: 16/79 [blink frog (8)]
 22194 | Lair:1   | HP: 11/79 [blink frog (17)]
 22211 | Lair:1   | Slain by a blink frog

Action                   |  1- 3 |  4- 6 |  7- 9 | 10-12 || total
-------------------------+-------+-------+-------+-------++-------
Melee: Unarmed           |     2 |     8 |     3 |       ||    13
       Mace              |       |       |    71 |   111 ||   182
 Cast: Freeze            |    59 |    96 |   324 |   502 ||   981
       Ozocubu's Armour  |       |     1 |    11 |    33 ||    45
       Throw Frost       |       |       |     4 |    11 ||    15
       Ensorcelled Hiber |       |       |       |     2 ||     2
       Condensation Shie |       |       |       |     1 ||     1
Evoke: Wand              |       |       |       |     1 ||     1
  Use: Scroll            |     3 |     2 |    12 |     4 ||    21
       Potion            |       |     4 |    10 |     8 ||    22
 Stab: Sleeping          |       |       |       |     2 ||     2
  Eat: Chunk             |     4 |    10 |    30 |    25 ||    69
       Bread ration      |       |       |     1 |     1 ||     2
       Beef jerky        |       |       |       |     3 ||     3

Vault maps used:
D:1:      onia_arrival_mini_maze
D:2:      lemuel_crystal_altar, minitemple
D:4:      lemuel_crystal_altar, serial_forest, infiniplex_forest_end_2,
          infiniplex_forest_straight_2, infiniplex_forest_lined_4_way,
          infiniplex_forest_side_room, infiniplex_forest_lined_corner,
          infiniplex_forest_3_way, infiniplex_forest_clump_curved,
          infiniplex_forest_clump_curved, infiniplex_forest_end_double
D:5:      kennysheep_mini, temple_green, first_bread, basic_altar
D:6:      minmay_goblin_kobold_castle, lemuel_round_altar, serial_shops, shop
D:7:      serial_shops, nicolae_shop_trees, nicolae_shop_stone, shop,
          uniq_menkaure
D:8:      serial_park_square1, nicolae_overflow_crystal_walls,
          dpeg_lair_monsters, grunt_ogre_cave, uniq_erolcha
D:9:      serial_shops, shop, shop, uniq_prince_ribbit1
D:10:     wad_woods_pond, orc_0_dummy, minmay_sticks_and_stones
Temple:   minmay_temple_forest_path_12
Lair:1:   st_stairs_13, infiniplex_staircase_pool, uniq_harold
Lair:2:   kennysheep_abandoned_house, minmay_hedge_maze, serial_bayou_pond_b,
          minivault_23, minmay_holes

Table legend:
 A = Turns spent in this place as a percentage of turns spent in the entire game.
 B = Non-inter-level travel turns spent in this place as a percentage of non-inter-level travel turns spent in the entire game.
 C = Inter-level travel turns spent in this place as a percentage of turns spent in this place.
 D = Turns resting spent in this place as a percentage of non-inter-level travel turns spent in this place.
 E = Turns spent auto-exploring this place as a percentage of non-inter-level travel turns spent in this place.
 F = Non-inter-level travel turns spent in this place divided by the number of levels of this place that you've seen.
                   A       B       C       D       E      F
               +-------+-------+-------+-------+-------+----------------------
         Total | 100.0 | 100.0 |   0.5 |  11.4 |   5.8 | 381.8
       Dungeon |  80.3 |  80.3 |   0.6 |  12.4 |   6.0 | 398.4
        Temple |   0.7 |   0.7 |   5.4 |   0.0 |  48.6 |  35.0
          Lair |  19.0 |  19.0 |   0.1 |   7.7 |   3.1 | 472.5
               +-------+-------+-------+-------+-------+----------------------

Table legend:
 A = Kills in this place as a percentage of kills in entire the game.
 B = Kills by you in this place as a percentage of kills by you in the entire game.
 C = Kills by friends in this place as a percentage of kills by friends in the entire game.
 D = Other kills in this place as a percentage of other kills in the entire game.
 E = Experience gained in this place as a percentage of experience gained in the entire game.
 F = Experience gained in this place divided by the number of levels of this place that you have seen.
                   A       B       C       D       E      F
               +-------+-------+-------+-------+-------+----------------------
         Total | 100.0 | 100.0 |  -nan | 100.0 | 100.0 | 1493.1
       Dungeon |  81.9 |  82.1 |  -nan |   0.0 |  58.2 | 1129.6
          Lair |  18.1 |  17.9 |  -nan | 100.0 |  41.8 | 4057.0
               +-------+-------+-------+-------+-------+----------------------
